| TOP OF THE 1ST |
|
Pulaski Yankees batting - Pitching for Texas (APP) Rangers : RHP Mike Hickey
|
|
Pitching: RHP Mike Hickey
|
|
|
Batting: RHB Jonathan Iniguez
|
0-0: Ball 1-0: Swinging Strike 1-1: Bunt missed! 1-2: Ball 2-2: Foul Ball, location: 2F 2-2: DOUBLE (Line Drive, 89M, EV 101.2 MPH)
|
|
Batting: RHB Gonçalo Burhil
|
0-0: Foul Ball, location: 2F 0-1: Ball 1-1: Ball Jonathan Iniguez steals 3rd base 2-1: Ball 3-1: Base on Balls
|
|
Batting: SHB Corey Penson
|
0-0: Fly out, F7 (Flyball, 7D, EV 95.6 MPH)
|
|
Batting: LHB Steve LeGrand
|
0-0: Called Strike 0-1: Foul Ball, location: 2F 0-2: Ball 1-2: Strikes out swinging
|
|
Batting: LHB Jared Zulkowski
|
0-0: Ball 1-0: Called Strike 1-1: Swinging Strike 1-2: Strikes out swinging
|
| Top of the 1st over - 0 runs, 1 hit, 0 errors, 2 left on base; Pulaski 0 - Texas (APP) 0 |
| BOTTOM OF THE 1ST |
|
Texas (APP) Rangers batting - Pitching for Pulaski Yankees : LHP Dustin Shaw
|
|
Pitching: LHP Dustin Shaw
|
|
|
Batting: LHB Walter Vegter
|
0-0: SINGLE (Groundball, 56D, EV 111.9 MPH)
|
|
Batting: SHB Tim Rogers
|
0-0: Ball 1-0: Called Strike 1-1: Ball Wild Pitch! Walter Vegter to second 2-1: Ball 3-1: TRIPLE (Flyball, 89XD, EV 91.9 MPH) Walter Vegter scores
|
|
Batting: RHB Bryan Wheeler
|
0-0: Called Strike 0-1: Foul Ball, location: 2F 0-2: Foul Ball, location: 2F 0-2: Ground out 6-3 (Groundball, 6, EV 88.8 MPH) Tim Rogers scores
|
|
Batting: RHB Shawn Weber
|
0-0: Foul Ball, location: 2F 0-1: Ball 1-1: Called Strike 1-2: Ground out 5-3 (Groundball, 56, EV 79.4 MPH)
|
|
Batting: RHB Morgan Harding
|
0-0: Swinging Strike 0-1: Ball 1-1: Ball 2-1: Hit by Pitch
|
|
Batting: RHB Sal Cervantes
|
0-0: Ball 1-0: Foul Ball, location: 2F 1-1: Foul Ball, location: 2F 1-2: Foul Ball, location: 2F 1-2: Ball 2-2: Ball 3-2: Ground out 6-3 (Groundball, P, EV 85.6 MPH)
|
| Bottom of the 1st over - 2 runs, 2 hits, 0 errors, 1 left on base; Pulaski 0 - Texas (APP) 2 |
| TOP OF THE 2ND |
|
Pulaski Yankees batting - Pitching for Texas (APP) Rangers : RHP Mike Hickey
|
|
Batting: LHB Sergio Huerta
|
0-0: Ball 1-0: Ball 2-0: Foul Ball, location: 2F 2-1: SINGLE (Groundball, 4MD, EV 104.4 MPH)
|
|
Batting: LHB Matt Cusatis
|
0-0: Called Strike 0-1: Grounds into double play, 4-6-3 (Groundball, 34D, EV 91.9 MPH)
|
|
Batting: RHB Eric Patrick
|
0-0: Hit by Pitch
|
|
Batting: RHB Ben Cunningham
|
0-0: Foul Ball, location: 2F 0-1: Foul Ball, location: 2F 0-2: Strikes out swinging
|
| Top of the 2nd over - 0 runs, 1 hit, 0 errors, 1 left on base; Pulaski 0 - Texas (APP) 2 |
| BOTTOM OF THE 2ND |
|
Texas (APP) Rangers batting - Pitching for Pulaski Yankees : LHP Dustin Shaw
|
|
Batting: SHB Albert Ortiz
|
0-0: Ball 1-0: Ball 2-0: Ball 3-0: Base on Balls
|
|
Batting: RHB Kelly Cole
|
0-0: Ball 1-0: Ball 2-0: Swinging Strike 2-1: Foul Ball, location: 2F 2-2: Ball 3-2: Base on Balls Albert Ortiz to second
|
|
Batting: RHB Ferdi Schipper
|
0-0: 3-RUN HOME RUN (Line Drive, 7D, EV 100.0 MPH), Distance : 399 ft
|
|
Batting: LHB Walter Vegter
|
0-0: Ball 1-0: SINGLE (Line Drive, 56, EV 96.9 MPH)
|
|
Batting: SHB Tim Rogers
|
0-0: Foul Ball, location: 2F 0-1: Called Strike 0-2: SINGLE (Flyball, 7S, EV 84.4 MPH) Walter Vegter to second
|
|
Batting: RHB Bryan Wheeler
|
0-0: Called Strike 0-1: Foul Ball, location: 2F 0-2: Ball 1-2: Ball 2-2: Fly out, F7 (Line Drive, 7D, EV 84.4 MPH) Runner from 2nd tags up, SAFE at 3rd, no throw by LF
|
|
Batting: RHB Shawn Weber
|
0-0: Called Strike 0-1: Ball Wild Pitch! Walter Vegter scores Tim Rogers to second 1-1: Ball 2-1: Foul Ball, location: 2F 2-2: Ball 3-2: Base on Balls
|
|
Batting: RHB Morgan Harding
|
0-0: Ball 1-0: Fly out, F7 (Flyball, 7S, EV 88.8 MPH)
|
|
Batting: RHB Sal Cervantes
|
0-0: Ground out 5-3 (Groundball, 56S, EV 75.6 MPH)
|
| Bottom of the 2nd over - 4 runs, 3 hits, 0 errors, 2 left on base; Pulaski 0 - Texas (APP) 6 |
| TOP OF THE 3RD |
|
Pulaski Yankees batting - Pitching for Texas (APP) Rangers : RHP Mike Hickey
|
|
Batting: RHB Jonathan Iniguez
|
0-0: Ball 1-0: Called Strike 1-1: Foul Ball, location: 2F 1-2: Ball 2-2: Strikes out swinging
|
|
Batting: RHB Gonçalo Burhil
|
0-0: Called Strike 0-1: Swinging Strike 0-2: Strikes out looking
|
|
Batting: SHB Corey Penson
|
0-0: Ball 1-0: Ball 2-0: SINGLE (Groundball, 6MD, EV 108.8 MPH)
|
|
Batting: LHB Steve LeGrand
|
0-0: Swinging Strike 0-1: Ball 1-1: SINGLE (Groundball, 34D, EV 110.0 MPH) Corey Penson to second Runner from 2nd tries for 3rd, SAFE, throw by RF made to third Steve LeGrand to second
|
|
Batting: LHB Jared Zulkowski
|
0-0: Ball 1-0: Ball 2-0: Called Strike 2-1: Called Strike 2-2: Fly out, F6 (Line Drive, 6, EV 72.5 MPH)
|
| Top of the 3rd over - 0 runs, 2 hits, 0 errors, 2 left on base; Pulaski 0 - Texas (APP) 6 |
| BOTTOM OF THE 3RD |
|
Texas (APP) Rangers batting - Pitching for Pulaski Yankees : LHP Dustin Shaw
|
|
Batting: SHB Albert Ortiz
|
0-0: Ball 1-0: Foul Ball, location: 2F 1-1: Ball 2-1: Ground out 6-3 (Groundball, 6, EV 75.6 MPH)
|
|
Batting: RHB Kelly Cole
|
0-0: Foul Ball, location: 2F 0-1: Ground out 4-3 (Groundball, 4, EV 89.4 MPH)
|
|
Batting: RHB Ferdi Schipper
|
0-0: Called Strike 0-1: Ground out 6-3 (Groundball, 6, EV 83.8 MPH)
|
| Bottom of the 3rd over - 0 runs, 0 hits, 0 errors, 0 left on base; Pulaski 0 - Texas (APP) 6 |
| TOP OF THE 4TH |
|
Pulaski Yankees batting - Pitching for Texas (APP) Rangers : RHP Mike Hickey
|
|
Batting: LHB Sergio Huerta
|
0-0: Called Strike 0-1: Fly out, F7 (Line Drive, 78M, EV 98.1 MPH)
|
|
Batting: LHB Matt Cusatis
|
0-0: Foul Ball, location: 2F 0-1: Ball 1-1: Ball 2-1: Foul Ball, location: 2F 2-2: Foul Ball, location: 2F 2-2: SINGLE (Groundball, 56D, EV 107.5 MPH)
|
|
Batting: RHB Eric Patrick
|
0-0: Called Strike 0-1: Ball 1-1: Swinging Strike 1-2: Foul Ball, location: 2F 1-2: Ball 2-2: Foul Ball, location: 2F 2-2: Foul Ball, location: 2F 2-2: Ball 3-2: Strikes out swinging
|
|
Pitching: RHP Javy Arias
|
|
|
Batting: RHB Ben Cunningham
|
0-0: Ball 1-0: Called Strike 1-1: Called Strike 1-2: Strikes out swinging
|
| Top of the 4th over - 0 runs, 1 hit, 0 errors, 1 left on base; Pulaski 0 - Texas (APP) 6 |
| BOTTOM OF THE 4TH |
|
Texas (APP) Rangers batting - Pitching for Pulaski Yankees : LHP Dustin Shaw
|
|
Batting: LHB Walter Vegter
|
0-0: Foul Ball, location: 2F 0-1: Ball 1-1: Fly out, F4 (Line Drive, 4, EV 70.6 MPH)
|
|
Batting: SHB Tim Rogers
|
0-0: Fly out, F5 (Line Drive, 5L, EV 68.8 MPH)
|
|
Batting: RHB Bryan Wheeler
|
0-0: Swinging Strike 0-1: Ball 1-1: Swinging Strike 1-2: Strikes out swinging
|
| Bottom of the 4th over - 0 runs, 0 hits, 0 errors, 0 left on base; Pulaski 0 - Texas (APP) 6 |
| TOP OF THE 5TH |
|
Pulaski Yankees batting - Pitching for Texas (APP) Rangers : RHP Javy Arias
|
|
Batting: RHB Jonathan Iniguez
|
0-0: Ball 1-0: Ball 2-0: Called Strike 2-1: Foul Ball, location: 2F 2-2: Ball 3-2: Strikes out swinging
|
|
Batting: RHB Gonçalo Burhil
|
0-0: Called Strike 0-1: Ball 1-1: Ball 2-1: Ground out 5-3 (Groundball, 56, EV 79.4 MPH)
|
|
Batting: SHB Corey Penson
|
0-0: Called Strike 0-1: Called Strike 0-2: Ball 1-2: SOLO HOME RUN (Flyball, 89XD, EV 99.4 MPH), Distance : 406 ft
|
|
Pitching: LHP Pat Mena
|
|
|
Batting: LHB Steve LeGrand
|
0-0: Ball 1-0: Called Strike 1-1: Ball 2-1: Ball 3-1: Base on Balls
|
|
Batting: LHB Jared Zulkowski
|
0-0: Swinging Strike 0-1: Called Strike 0-2: SINGLE (Groundball, 5D, EV 101.2 MPH) Steve LeGrand to second
|
|
Batting: LHB Sergio Huerta
|
0-0: Called Strike 0-1: Ball 1-1: Called Strike 1-2: Ball 2-2: Strikes out looking
|
| Top of the 5th over - 1 run, 2 hits, 0 errors, 2 left on base; Pulaski 1 - Texas (APP) 6 |
| BOTTOM OF THE 5TH |
|
Texas (APP) Rangers batting - Pitching for Pulaski Yankees : LHP Dustin Shaw
|
|
Batting: RHB Shawn Weber
|
0-0: Ground out 4-3 (Groundball, 4, EV 106.2 MPH)
|
|
Batting: RHB Morgan Harding
|
0-0: Swinging Strike 0-1: Ball 1-1: Ball 2-1: Ball 3-1: Base on Balls
|
|
Batting: RHB Sal Cervantes
|
0-0: Called Strike 0-1: Fielders Choice at 2nd, 4-6 (Groundball, 34, EV 100.6 MPH)
|
|
Pitching: RHP Jon Campbell
|
|
|
Batting: SHB Albert Ortiz
|
0-0: Ball Passed Ball! Sal Cervantes to second 1-0: Called Strike Sal Cervantes steals 3rd base 1-1: Foul Ball, location: 2F 1-2: Strikes out swinging
|
| Bottom of the 5th over - 0 runs, 0 hits, 0 errors, 1 left on base; Pulaski 1 - Texas (APP) 6 |
| TOP OF THE 6TH |
|
Pulaski Yankees batting - Pitching for Texas (APP) Rangers : LHP Pat Mena
|
|
Batting: LHB Matt Cusatis
|
0-0: Ball 1-0: Ball 2-0: Foul Ball, location: 2F 2-1: Swinging Strike 2-2: Strikes out looking
|
|
Pitching: LHP Alex Boites
|
|
|
Batting: RHB Eric Patrick
|
0-0: Called Strike 0-1: Ball 1-1: Ground out 5-3 (Groundball, 5, EV 80.6 MPH)
|
|
Batting: RHB Ben Cunningham
|
0-0: Ball 1-0: Ball 2-0: Ball 3-0: Called Strike 3-1: SINGLE (Groundball, 4D, EV 104.4 MPH)
|
|
Batting: RHB Jonathan Iniguez
|
0-0: Ball 1-0: Foul Ball, location: 2F 1-1: Ball 2-1: Fly out, F7 (Flyball, 7, EV 86.2 MPH)
|
| Top of the 6th over - 0 runs, 1 hit, 0 errors, 1 left on base; Pulaski 1 - Texas (APP) 6 |
| BOTTOM OF THE 6TH |
|
Texas (APP) Rangers batting - Pitching for Pulaski Yankees : RHP Jon Campbell
|
|
Batting: RHB Kelly Cole
|
0-0: Swinging Strike 0-1: Ball 1-1: Ground out 5-3 (Groundball, 56S, EV 62.5 MPH)
|
|
Batting: RHB Ferdi Schipper
|
0-0: Ball 1-0: Called Strike 1-1: Ball 2-1: Swinging Strike 2-2: Strikes out swinging
|
|
Batting: LHB Walter Vegter
|
0-0: Swinging Strike 0-1: Ball 1-1: Ball 2-1: Ball 3-1: Base on Balls
|
|
Batting: SHB Tim Rogers
|
0-0: Called Strike Walter Vegter steals 2nd base 0-1: Ball 1-1: Fly out, F7 (Flyball, 7S, EV 95.0 MPH)
|
| Bottom of the 6th over - 0 runs, 0 hits, 0 errors, 1 left on base; Pulaski 1 - Texas (APP) 6 |
| TOP OF THE 7TH |
|
Pulaski Yankees batting - Pitching for Texas (APP) Rangers : LHP Alex Boites
|
|
Batting: RHB Gonçalo Burhil
|
0-0: Ball 1-0: Ball 2-0: Foul Ball, location: 2F 2-1: SINGLE (Line Drive, 78S, EV 110.6 MPH)
|
|
Batting: SHB Corey Penson
|
0-0: Ball 1-0: Ball 2-0: Fly out, F4 (Popup, 4, EV 57.5 MPH)
|
|
Pitching: RHP Brad Sanchez
|
|
|
Batting: LHB Steve LeGrand
|
0-0: Foul Ball, location: 2F 0-1: SINGLE (Groundball, 6MD, EV 95.6 MPH) Gonçalo Burhil to second
|
|
Batting: LHB Jared Zulkowski
|
0-0: Called Strike 0-1: Called Strike 0-2: Foul Ball, location: 2F 0-2: Foul Ball, location: 2F 0-2: Strikes out swinging
|
|
Batting: LHB Sergio Huerta
|
0-0: Ball 1-0: Ground out 3-1 (Groundball, 34S, EV 88.1 MPH)
|
| Top of the 7th over - 0 runs, 2 hits, 0 errors, 2 left on base; Pulaski 1 - Texas (APP) 6 |
| BOTTOM OF THE 7TH |
|
Texas (APP) Rangers batting - Pitching for Pulaski Yankees : RHP Jon Campbell
|
|
Batting: RHB Bryan Wheeler
|
0-0: Ball 1-0: Ball 2-0: SOLO HOME RUN (Flyball, 7D, EV 99.4 MPH), Distance : 389 ft
|
|
Batting: RHB Shawn Weber
|
0-0: Ball 1-0: Called Strike 1-1: Ball 2-1: Called Strike 2-2: Ball 3-2: DOUBLE (Line Drive, 5D, EV 98.8 MPH)
|
|
Batting: RHB Morgan Harding
|
0-0: Ball 1-0: Ground out 3-1 (Groundball, 13, EV 81.2 MPH) Shawn Weber to third
|
|
Batting: RHB Sal Cervantes
|
0-0: Called Strike 0-1: Ball 1-1: Swinging Strike 1-2: Ball Passed Ball! Shawn Weber scores 2-2: Ball 3-2: TRIPLE (Flyball, 9D, EV 111.9 MPH)
|
|
Batting: SHB Albert Ortiz
|
0-0: Ball 1-0: Swinging Strike 1-1: Foul Ball, location: 2F 1-2: Strikes out looking
|
|
Batting: RHB Kelly Cole
|
0-0: Ball 1-0: SINGLE (Groundball, 6MD, EV 96.9 MPH) Sal Cervantes scores
|
|
Batting: RHB Ferdi Schipper
|
0-0: Ball Passed Ball! Kelly Cole to second 1-0: Ball 2-0: Ball Wild Pitch! Kelly Cole to third 3-0: Base on Balls
|
|
Batting: LHB Walter Vegter
|
0-0: Called Strike 0-1: Ball 1-1: Called Strike 1-2: Ball 2-2: Foul Ball, location: 2F 2-2: Foul Ball, location: 2F 2-2: Ball 3-2: Base on Balls Ferdi Schipper to second
|
|
Batting: SHB Tim Rogers
|
0-0: Ball 1-0: Called Strike 1-1: Foul Ball, location: 2F 1-2: Strikes out swinging
|
| Bottom of the 7th over - 3 runs, 4 hits, 0 errors, 3 left on base; Pulaski 1 - Texas (APP) 9 |
| TOP OF THE 8TH |
|
Pulaski Yankees batting - Pitching for Texas (APP) Rangers : RHP Brad Sanchez
|
|
Batting: LHB Matt Cusatis
|
0-0: Ball 1-0: Foul Ball, location: 2F 1-1: Foul Ball, location: 2F 1-2: Strikes out swinging
|
|
Batting: RHB Eric Patrick
|
0-0: Swinging Strike 0-1: Swinging Strike 0-2: Ball 1-2: Foul Ball, location: 2F 1-2: Ball 2-2: Ball 3-2: Base on Balls
|
|
Batting: RHB Ben Cunningham
|
0-0: Bunted foul 0-1: Sac Bunt to 23 - play at first, batter OUT! 3-4 Eric Patrick to second
|
|
Batting: RHB Jonathan Iniguez
|
0-0: Foul Ball, location: 2F 0-1: Ball 1-1: Fly out, F2 (Popup, 3SF, EV 83.1 MPH)
|
| Top of the 8th over - 0 runs, 0 hits, 0 errors, 1 left on base; Pulaski 1 - Texas (APP) 9 |
| BOTTOM OF THE 8TH |
|
Texas (APP) Rangers batting - Pitching for Pulaski Yankees : RHP Jon Campbell
|
|
Batting: RHB Bryan Wheeler
|
0-0: Ball 1-0: Called Strike 1-1: Ball 2-1: Ball 3-1: Base on Balls
|
|
Pitching: LHP Jessie Neal
|
|
|
Batting: RHB Shawn Weber
|
0-0: Called Strike 0-1: Foul Ball, location: 2F 0-2: Ball 1-2: SINGLE (Line Drive, 4MD, EV 108.8 MPH) Bryan Wheeler to second
|
|
Batting: RHB Morgan Harding
|
0-0: Foul Ball, location: 2F 0-1: Ball 1-1: Ball 2-1: Called Strike 2-2: Strikes out looking
|
|
Batting: RHB Sal Cervantes
|
0-0: Ball 1-0: Ball 2-0: Called Strike 2-1: Foul Ball, location: 2F 2-2: Ball 3-2: Base on Balls Bryan Wheeler to third Shawn Weber to second
|
|
Batting: SHB Albert Ortiz
|
0-0: Ball 1-0: Ball Passed Ball! Bryan Wheeler scores Shawn Weber to third Sal Cervantes to second 2-0: Ball Passed Ball! Shawn Weber scores Sal Cervantes to third 3-0: Base on Balls
|
|
Pitching: LHP Alex Ramirez
|
|
|
Batting: RHB Kelly Cole
|
0-0: Ball 1-0: Foul Ball, location: 2F 1-1: Foul Ball, location: 2F 1-2: Strikes out looking
|
|
Batting: RHB Ferdi Schipper
|
0-0: Fly out, F2 (Popup, 23F, EV 81.9 MPH)
|
| Bottom of the 8th over - 2 runs, 1 hit, 0 errors, 2 left on base; Pulaski 1 - Texas (APP) 11 |
| TOP OF THE 9TH |
|
Pulaski Yankees batting - Pitching for Texas (APP) Rangers : RHP Brad Sanchez
|
|
Pitching: LHP Jose Cepero
|
|
|
Batting: RHB Gonçalo Burhil
|
0-0: Ball 1-0: Swinging Strike 1-1: Ground out 1-3 (Groundball, 13, EV 68.8 MPH)
|
|
Batting: SHB Corey Penson
|
0-0: Called Strike 0-1: Ball 1-1: Swinging Strike 1-2: Foul Ball, location: 2F 1-2: Fly out, F8 (Flyball, 89M, EV 72.5 MPH)
|
|
Batting: LHB Steve LeGrand
|
0-0: Called Strike 0-1: Called Strike 0-2: Ball 1-2: Ball 2-2: Ball 3-2: Foul Ball, location: 2F 3-2: Ground out U3 (Groundball, 34S, EV 65.6 MPH)
|
| Top of the 9th over - 0 runs, 0 hits, 0 errors, 0 left on base; Pulaski 1 - Texas (APP) 11 |
|